← All builds
Suicide front / Cortex / Economy first / OBSERVED BUILD

Lasher artillery rush

Cortex Suicide front build order · Supreme Isthmus

Commits to a Vehicle Plant and rushes T1 vehicle skirmishers led by Lasher by around 2:07, backed by early Pounder riot and Rascal raiders, pushing and fighting in the middle well before the commander dies or the base falls.

#rush #artillery #push · 41 distinct matches · 14 players · 3% of Cortex Suicide front games · team won 44% of 41 · Recently observed

THE CATCH, AND WHAT COMES WITH IT
  • LasherT1 vehicle skirmishers from 2:07 · 4% of role by thenFrom the Vehicle Plant. Only 4% of Suicide front games have it by then; others who build it get it around 2:24
  • Vehicle PlantVehicle Plant in 98%8% of all Suicide front games by then
  • PounderPounder in 80%7% of all Suicide front games by then
  • LasherLasher in 76%2% of all Suicide front games by then
  • RascalRascal in 73%6% of all Suicide front games by then

Where those units first fight, in 41 games with kill data: in the middle 95%.

Those units destroy a typical 2,751 metal of enemy units by 15:00.

Then transitions into Rattlesnake (10% of army).

HOW TO PLAY IT

Key timing: Lasher push by 2:20

  1. Skip the usual opening and build the Vehicle Plant immediately.
  2. Have the Vehicle Plant finish well ahead of the role norm.
  3. Add Pounder riot and Rascal scouts to round out the early push.
  4. Push out T1 vehicle skirmishers led by Lasher far earlier than normal.
  5. Transition into a mixed vehicle army with Rattlesnake and Brute support.

Phase by phase

TYPICAL OF ITS 41 GAMES · AGAINST STANDARD SUICIDE FRONT
  1. 1
  2. 2
  3. 3
  4. 4
PLAY THE OPENING

Follow the example game's first 6:00 step by step: what to build now, what comes next, and where it goes. At 1× it keeps pace with your own game.

  1. 1

    Up to the Vehicle Plant

    Economy
    • Metal Extractor1Mex
    Order
    1. Vehicle PlantVehicle Plant after 2 mexdone ~0:34, middle half 0:22–0:58

    Some games also: Guard (32%)

    By 0:17 in all: 1 mex

    The example game in this phase · 2 steps
    1. Mex
    2. Vehicle PlantVehicle Plantdone 0:29 · typical 0:34
  2. 2

    Vehicle Plant to T1 vehicle skirmishers

    Economy
    • Metal Extractor2Mex
    • Wind Turbine1Wind
    Order
    1. LasherT1 vehicle skirmishers after 4 mex, 1 wind
    Builders
    • Construction Vehicle3 Con vehicle +3 vs standard
    Army
    • Guard1 Guard
    • Pounder1 Pounder

    Some games also: rascal (41%)

    The standard build makes here, this one skips: 2 Graverobber · 2 con bot · 4 thug · 2 grunt

    By 2:07 in all: 4 mex · 1 wind

    The example game in this phase · 9 steps
    1. Solar
    2. Construction VehicleCon vehicle
    3. GuardGuard
    4. PounderPounder
    5. Mex
    6. PounderPounder
    7. Mex
    8. GuardGuard
    9. LasherLasherdone 1:59
  3. 3

    T1 vehicle skirmishers to 5:00

    Economy
    • Metal Extractor1Mex
    • Wind Turbine5Wind+4 vs standard
    Army
    • Guard1 Guard
    • Lasher9 Lasher +9 vs standard

    Some games also: Radar Tower (49%) · con turret (46%) · con vehicle (41%) · Twin Guard (37%)

    The standard build makes here, this one skips: 2 Graverobber · 13 thug

    By 5:00 in all: 5 mex · 5 wind (standard 3) · 1 con turret

    The example game in this phase · 20 steps
    1. Construction VehicleCon vehicle
    2. Radar TowerRadar Tower
    3. LasherLasher
    4. Mex
    5. Construction VehicleCon vehicle
    6. LasherLasher ×2
    7. Mex
    8. LasherLasher
    9. Con turret
    10. LasherLasher ×2
    11. Con turret
    12. Twin GuardTwin Guard
    13. LasherLasher
    14. Twin GuardTwin Guard
    15. LasherLasher
    16. Wind
    17. LasherLasher
    18. Energy storage
    19. Wind
    20. LasherLasher
  4. 4

    5:00 to 10:00

    Economy
    • Metal Extractor1Mex
    • Wind Turbine12Wind
    Builders
    • Construction Turret2 Con turret
    Army
    • Twin Guard1 Twin Guard
    • Lasher10 Lasher +10 vs standard

    Some games also: Guard (49%) · Radar Tower (46%) · con vehicle (41%) · incisor (39%) · energy storage (37%)

    The standard build makes here, this one skips: 3 Graverobber · 11 thug

    By 10:00 in all: 7 mex · 20 wind · 3 con turret

    The example game in this phase · 70 steps
    1. Wind ×2
    2. LasherLasher
    3. Wind
    4. LasherLasher
    5. Wind ×2
    6. LasherLasher
    7. Wind ×2
    8. LasherLasher
    9. Wind
    10. Con turret
    11. Wind
    12. LasherLasher
    13. Wind
    14. CastroCastro
    15. LasherLasher
    16. Wind ×2
    17. BruteBrute
    18. Wind
    19. BruteBrute
    20. Wind ×2
    21. BruteBrute ×2
    22. Wind ×2
    23. Twin GuardTwin Guard
    24. BruteBrute
    25. Wind
    26. BruteBrute
    27. Wind ×2
    28. BruteBrute
    29. Wind
    30. BruteBrute
    31. Wind ×2
    32. BruteBrute
    33. Wind
    34. BruteBrute
    35. Wind
    36. CastroCastro
    37. BruteBrute
    38. Wind
    39. BruteBrute
    40. Mex
    41. BruteBrute
    42. Wind
    43. BruteBrute
    44. Advanced Metal ExtractorT2 mexdone 10:14 · typical 9:44
    45. Wind
    46. Radar TowerRadar Tower
    47. Wind ×3
    48. BruteBrute
    49. Advanced Metal ExtractorT2 mex
    50. Wind
    51. Mex ×2
    52. Bot LabBot Lab ×2done 11:44
    53. GraverobberGraverobber ×4
    54. Aircraft PlantAircraft Plantdone 12:34
    55. Energy storage
    56. GraverobberGraverobber
    57. HerculesLight transport
    58. Advanced Metal ExtractorT2 mexdone 13:46
    59. Aircraft PlantEat Aircraft Plantreclaimed for its metal
    60. GruntGrunt
    61. Con turret
    62. GruntGrunt ×5
    63. Advanced Metal ExtractorT2 mex
    64. Con turret
    65. GruntGrunt ×3
    66. Aircraft PlantAircraft Plantdone 14:43
    67. GruntGrunt ×2
    68. HephaestusHeavy transport
    69. Advanced Metal ExtractorT2 mex
    70. GruntGrunt

Counts are medians over the build's games: half of them build more, half fewer. The example game is IhavenoIQ's (31 OS, 02/08/2026); pick another.

Team trades

IN AT LEAST 30% OF ITS GAMES

You hand over

Nothing regular.

You get

  • Tidal Generator4 Tidal from Pondfirst at 0:10 · in 76% of games
  • Advanced Construction Bot1 T2 con bot from Tech or Geofirst at 7:17 · in 54% of games

How it plays out

Typical game of this build against the role’s standard build, running totals by minute

  • This build
  • Standard suicide front

Metal produced

010k20k
0:005:0010:0015:00

metal

Enemy metal destroyed

05k10k
0:005:0010:0015:00

metal

Own metal lost

05k10k
0:005:0010:0015:00

metal

41 games.

Show as table
ByMetal produced: This buildMetal produced: Standard suicide frontEnemy metal destroyed: This buildEnemy metal destroyed: Standard suicide frontOwn metal lost: This buildOwn metal lost: Standard suicide front
1:002643300000
2:0081094421000
3:001698203610821690173
4:0027623125475733310633
5:0037274280117515547021400
6:0045695468200225269432339
7:00558666372740364816303330
8:00680878263592457523224369
9:00810989445168531132665272
10:009379102055867602544056153
11:0011047115686828656752956916
12:0012824131587368707057497733
13:0014417147507671776267348408
14:0016603163477844837271378971
15:0019330177448112897973429593
WHAT THE NUMBERS SAY

Won clearly less often than the standard build and destroyed less enemy metal while also losing less overall.

  • + Own losses by 15:00 are lower than standard (7292 vs 10212).
  • − Won much less often than the standard build (39% vs 55%).
  • − Destroyed less enemy metal by 5:00 and 15:00 than standard.
THE EXAMPLE YOU ARE READING

IhavenoIQ

30.6 OS · 02/08/2026

Open source match ↗

10 received units · includes a constructor
278 metal received · 34974 energy received

Allied construction assistance is unknown. Timings are observations, not a promise of solo reproducibility.

Typical milestones

Vehicle Plant0:34Middle 50%: 0:22–0:58 · n=41
Advanced Metal Extractor9:44Middle 50%: 8:24–10:37 · n=27

Played most by

MischievousDragonGF8games of this build_X_7games of this buildErilium7games of this buildChancho4games of this buildLing_long3games of this build